 Dungeon Crawl Stone Soup version 0.31-a0-365-gcf821cafb2 (webtiles) character file.

Game seed: 6201391328476875299

330 LeprechaunX the Ruffian (level 6, 0/63 HPs)
             Began as an Octopode Shapeshifter on July 27, 2023.
             Was an Initiate of Hepliaklqana.
             Killed from afar by Sigmund (9 damage)
             ... with a magic dart
             ... on level 5 of the Dungeon.
             The game lasted 00:04:45 (3166 turns).

LeprechaunX the Ruffian (Octopode Shapeshifter)     Turns: 3166, Time: 00:04:50

Health: 0/63       AC: 31    Str: 16    XL:     6   Next: 51%
Magic:  6/6        EV:  2    Int: 10    God:    Hepliaklqana [......]
Gold:   285        SH:  0    Dex: 13    Spells: 5/5 levels left

rFire   x x .        a - +4 hand axe (freeze)
rCold   x x .        (no shield)
rNeg    . . .        (helmet currently unavailable)
rPois   +            k - amulet of Elemental Vulnerability {rPois rF-- rC-- AC+8}
rElec   .            (no ring)
rCorr   .            (no ring)
SInv    .            (no ring)
Will    .....        (no ring)
Stlth   +            (no ring)
HPRegen 0.30/turn    (no ring)
MPRegen 0.10/turn    (no ring)
                     (no ring)

%: clarity
@: tree-form
A: stationary, stasis, torment immunity, boosted hp, almost no armour,
(amphibious), 8 rings, (camouflage 1), (gelatinous body 1), (nimble swimmer 1),
(tentacles), clarity
a: Renounce Religion


You were on level 5 of the Dungeon.
You worshipped Hepliaklqana.
Hepliaklqana was noncommittal.
You were a tree.
You visited 2 branches of the dungeon, and saw 6 of its levels.
You also visited: Ossuary.

You collected 285 gold pieces.

Inventory:

Hand Weapons
 a - a +4 hand axe of freezing (weapon)
Missiles
 h - 5 javelins
 q - 10 boomerangs
Jewellery
 k - the amulet of Elemental Vulnerability (around neck) {rPois rF-- rC-- AC+8}
   (You found it on level 2 of the Dungeon)

   [amulet of nothing]

   AC:        It affects your AC (+8).
   rF:        It makes you very vulnerable to fire.
   rC:        It makes you very vulnerable to cold.
   rPois:     It protects you from poison.
 l - an amulet of the acrobat
Talismans
 b - a beast talisman
Scrolls
 e - a scroll of immolation {unknown}
 f - 5 scrolls of identify {unknown}
 m - 4 scrolls of poison {unknown}
 n - 3 scrolls of teleportation {unknown}
 r - a scroll of revelation {unknown}
 t - a scroll of summoning {unknown}
 v - 2 scrolls of amnesia {unknown}
 y - 3 scrolls of vulnerability {unknown}
 A - a scroll of enchant armour {unknown}
 B - a scroll of fog {unknown}
Potions
 c - 5 potions of curing
 d - a potion of cancellation {unknown}
 g - a potion of mutation
 i - a potion of lignification
 j - a potion of brilliance {unknown}
 o - 2 potions of haste {unknown}
 p - a potion of berserk rage {unknown}
 s - a potion of enlightenment {unknown}
 u - 2 potions of degeneration {unknown}
 w - a potion of might {unknown}
 x - 2 potions of ambrosia {unknown}
 z - 2 potions of magic {unknown}


   Skills:
 + Level 3.2 Fighting
 - Level 2.0 Dodging
 * Level 5.4 Unarmed Combat
 + Level 4.0 Shapeshifting


You had 5 spell levels left.
You didn't know any spells.
Your spell library contained the following spells:

 Spells                   Type           Power      Damage    Failure   Level
 Cigotuvi's Dreadful Rot  Necr/Pois/Air  0%         N/A       50%         2
 Ignite Poison            Fire/Tmut/Pois 0%         N/A       75%         3
 Freezing Cloud           Conj/Ice/Air   0%         6-21      100%        5


Dungeon Overview and Level Annotations

Branches:
Dungeon (5/15)             Temple (1/1) D:4         Ossuary (visited)

Altars:
Ashenzari
Cheibriados
Elyvilon
Fedhas
Gozag
Hepliaklqana
Kikubaaqudgha
Makhleb
Okawaru
Ru
Sif Muna
Trog
Uskayaw
Vehumet
Xom
Yredelemnul
Zin

Annotations:
D:5 Sigmund


Innate Abilities, Weirdness & Mutations

You are a tree.
Your roots penetrate the ground, keeping you stationary.
You cannot be teleported.
You are immune to unholy pain and torment.
Your maximum health is greatly increased.
You cannot wear most types of armour.
((You are amphibious.))
You can wear up to eight rings at the same time.
((Your skin changes colour to match your surroundings (Stealth+).))
((Your rubbery body absorbs attacks. (AC +1, EV +1)))
((You are camouflaged when in or above water. (Stealth+)))
((You have tentacles for arms and can constrict up to eight enemies at once.))
You possess an exceptional clarity of mind.


Message History

* * * LOW HITPOINT WARNING * * *
You swing at nothing.
You feel sick. Something hits you but does no damage.
You are lethally poisoned!
You swing at nothing.
* * * LOW HITPOINT WARNING * * *
You feel very sick.
The water moccasin hisses angrily.
Something completely misses you.
You swing at nothing.
* * * LOW HITPOINT WARNING * * *
You feel very sick.
The water moccasin bites you but does no damage.
You hear some strange, mumbled words.
You are confused.
It was a potion of curing.
You feel better.
The water moccasin bites you but does no damage.
Something hits you but does no damage. The water moccasin bites you!
* * * LOW HITPOINT WARNING * * *
You closely miss the water moccasin.
The water moccasin bites you but does no damage.
Something hits you but does no damage.
You hit the water moccasin.
The water moccasin seems to slow down.
You freeze the water moccasin.
The water moccasin is lightly wounded.
The water moccasin bites you but does no damage.
The water moccasin bites you.
* * * LOW HITPOINT WARNING * * *
You are lethally poisoned!
The water moccasin poisons you! Something hits you but does no damage.
You are more poisoned.
You feel better.
The water moccasin is no longer moving slowly.
The water moccasin bites you but does no damage.
It was a potion of mutation.
You feel extremely strange.
Your thoughts seem clearer.
Sigmund appears from thin air!
Reactivating autopickup.
Sigmund points at you and mumbles some strange words.
The magic dart hits you!
You die...

###..# #.#
#..#####.####
#...........#
#.###.......# #>#
#####...# #.#
##.####### #.#
######........ #.
#......####### #.
#.###....S♣.)# ..
#...####@# #...#
#.#####.#
#...####........
#...............
#...##...#####..#
#...............#
##..##..S#####..#
#..##...#


You could see a water moccasin and Sigmund.

Vanquished Creatures
  A howler monkey (D:5)
  A hound (D:5)
  A human zombie (Ossuary)
  Crazy Yiuf (D:3)
  Jessica (D:3)
  An iguana (D:4)
  3 mummies (Ossuary)
  2 adders
  3 adder zombies (Ossuary)
  2 dart slugs
  5 orcs (D:3)
  5 ball pythons
  6 endoplasms
  A giant cockroach (D:1)
  3 goblins
  8 hobgoblins
  8 jackals
  2 quokkas
  5 bats
  A frilled lizard (D:3)
  3 goblin zombies (Ossuary)
  2 hobgoblin zombies (Ossuary)
  7 kobolds
  7 kobold zombies (Ossuary)
  A quokka zombie (Ossuary)
  6 rats
  A rat zombie (Ossuary)
87 creatures vanquished.

Notes
Turn   | Place    | Note
-------+----------+-------------------------------------------
     0 | D:1      | LeprechaunX the Octopode Shapeshifter began the quest for
                  | the Orb.
     0 | D:1      | Reached XP level 1. HP: 13/13 MP: 1/1
    81 | D:1      | Reached XP level 2. HP: 11/18 MP: 2/2
   319 | D:1      | Reached XP level 3. HP: 23/23 MP: 3/3
   790 | D:2      | Found a radiant altar of Vehumet.
   930 | D:2      | Found the amulet of Elemental Vulnerability {rPois rF--
                  | rC-- AC+8}
  1089 | D:2      | Found a faded altar of an unknown god.
  1738 | D:3      | Noticed Jessica
  1741 | D:3      | Found an opulent altar of Gozag.
  1745 | D:3      | Killed Jessica
  1746 | D:3      | Reached skill level 4 in Unarmed Combat
  1746 | D:3      | Reached XP level 4. HP: 13/29 MP: 4/4
  2159 | D:3      | Found a runed translucent door.
  2160 | D:3      | Noticed Crazy Yiuf
  2249 | D:3      | Killed Crazy Yiuf
  2250 | D:3      | Reached XP level 5. HP: 35/35 MP: 5/5
  2353 | D:4      | Found a staircase to the Ecumenical Temple.
  2504 | D:4      | Found a sand-covered staircase.
  2511 | Ossuary  | Entered an ossuary
  2597 | Ossuary  | Reached skill level 5 in Unarmed Combat
  2606 | Ossuary  | Reached XP level 6. HP: 40/41 MP: 6/6
  2723 | Temple   | Entered the Ecumenical Temple
  2748 | Temple   | Became a worshipper of Hepliaklqana the Forgotten
  3005 | D:5      | Entered Level 5 of the Dungeon
  3133 | D:5      | Noticed Sigmund
  3135 | D:5      | Noticed a water moccasin
  3161 | D:5      | HP: 3/63 [poisoned by Sigmund]
  3166 | D:5      | Gained mutation: You possess an exceptional clarity of
                  | mind. [potion of mutation]
  3166 | D:5      | Killed from afar by Sigmund

Illustrated notes

Levels and vault maps discovered:
D:1:      dpeg_arrival_rooms_with_view, layout_loops_ring
D:2:      layout_loops_corners, basic_altar, dreamdust_ecumenical_altar_grove,
          minmay_bisected
D:3:      layout_rooms, nicolae_gozag_seed_capital, minmay_liquid_box,
          uniq_jessica, uniq_crazy_yiuf_cottage
D:4:      layout_rooms, minmay_temple_entry_wispy,
          lightli_ossuary_entry_decrepit_ruins
D:5:      layout_loops_ring, uniq_sigmund
Temple:   regret_index_temple_sphere_string

Skill      XL: |  1  2  3  4  5  6 |
---------------+-------------------+-----
Fighting       | 2 3 |  3.2
Unarmed Combat | 4 5 |  5.4
Shapeshifting  | 4 |  4.0
Dodging        | |  2.0

Action                     |  1- 3 |  4- 6 || total
---------------------------+-------+-------++-------
  Melee: Unarmed           |    56 |       ||    56
         Constrict         |    19 |    18 ||    37
         Tentacles         |     9 |    12 ||    21
         Punch             |     5 |     4 ||     9
         Hand axe          |    18 |    72 ||    90
    Use: Potion            |       |     4 ||     4
   Stab: Sleeping          |     9 |     2 ||    11
 Armour: Skin              |     8 |    32 ||    40
  Dodge: Dodged            |    37 |    34 ||    71

Table legend: (Time is in decaauts)
 A = Elapsed time spent in this place.
 B = Non-inter-level travel time spent in this place.
 C = Inter-level travel time spent in this place.
 D = Time resting spent in this place.
 E = Time spent auto-exploring this place.
 F = Levels seen in this place.
 G = Mean time per level.
                   A        B        C        D        E       F      G
               +--------+--------+--------+--------+--------+-----+--------+
         Total |   3191 |   2807 |    384 |    109 |   2208 |   7 |  455.9 |
       Dungeon |   2955 |   2621 |    334 |     77 |   2141 |   5 |  591.0 |
        Temple |     50 |      1 |     49 |      0 |      0 |   1 |   50.0 |
       Ossuary |    185 |    185 |      0 |     32 |     67 |   1 |  185.0 |
               +--------+--------+--------+--------+--------+-----+--------+

Top non-repeatable levels by time:
     D:2: 910 daAuts
     D:1: 785 daAuts
     D:3: 587 daAuts
     D:4: 504 daAuts
 Ossuary: 185 daAuts
     D:5: 168 daAuts
  Temple: 50 daAuts
